Map: Lost and Found LE

Players

Lambo

  • Race: Zerg Zerg
  • Spawn Location: 1:00

Namshar - Winner!

  • Race: Zerg Zerg
  • Spawn Location: 7:00

Event: WCS Austin 2018

VOD

Have the link to the VOD?

Description

Time

  • Played on: June 1, 2018, 5:08 p.m.
  • Length: 3:29

All games in this series

Show
View Real Time Build Order
Export as new Build Order

Lambo Zerg 

Build Orders: 1 Base Baneling Bust, Pool Only 

Get SALT Encoding   

  12  0:16  Spawning Pool  
  11  0:22  Drone  
  11  0:26  Drone  
  13  0:30  Drone  
  13  0:33  Extractor  
  13  0:42  Overlord  
  13  1:03  Zergling x4  
  15  1:05  Zergling x2  
  15  1:08  Queen  
  18  1:15  Zergling x2  
  19  1:28  Zergling x2  
  20  1:33  Metabolic Boost  
  20  1:38  Zergling x2  
  21  1:49  Overlord  
  21  1:54  Baneling Nest  
  21  2:01  Zergling x2  
  21  2:10  Zergling x2  
  22  2:16  Zergling x4  
  22  2:22  Zergling x2  
  24  2:30  Zergling x2  
  24  2:36  Zergling x2  
  26  2:42  Baneling  
  26  2:43  Baneling  
  26  2:45  Zergling x2  
  23  3:01  Baneling x3  
  23  3:02  Zergling x4  
  25  3:08  Zergling x2  
Show
View Real Time Build Order
Export as new Build Order

Namshar Zerg - Winner!

Build Orders: Hatch First 

Get SALT Encoding   

  12  0:00  Drone  
  13  0:12  Overlord  
  13  0:16  Drone  
  14  0:30  Drone x2  
  14  0:33  Drone  
  17  0:50  Hatchery  
  17  0:54  Drone  
  17  0:56  Drone  
  18  1:07  Extractor  
  18  1:11  Spawning Pool  
  16  1:14  Drone  
  16  1:17  Drone  
  18  1:27  Drone  
  19  1:40  Overlord  
  19  1:57  Queen  
  19  1:58  Zergling x2  
  19  1:59  Zergling x2  
  23  2:01  Queen  
  23  2:02  Zergling x2  
  23  2:06  Metabolic Boost  
  26  2:11  Zergling x2  
  26  2:13  Zergling x2  
  28  2:26  Spine Crawler  
  28  2:28  Zergling x2  
  28  2:38  Queen  
  30  2:45  Zergling x4  
  29  2:59  Zergling x4  
  31  3:11  Zergling x2  
  31  3:12  Zergling x6  
Tags
 
Add a new tag
Caveats
  • Supply blocks, unpowered buildings, or Contaminate may cause inaccurate times.
  • Supply counts are checked every 10 seconds.